Map: Seething Jungle

Players

Dane

  • Race: Protoss Protoss
  • League: Silver
  • Spawn Location: 1:00

popeye

  • Race: Protoss Protoss
  • League: Silver
  • Spawn Location: 12:00

JohnMcClane - Winner!

  • Race: Zerg Zerg
  • League: Silver
  • Spawn Location: 6:00

Hindulaatti - Winner!

  • Race: Protoss Protoss
  • League: Diamond
  • Spawn Location: 7:00

VOD

Have the link to the VOD?

Description

Time

  • Played on: Jan. 20, 2016, 3:38 a.m.
  • Length: 9:03
Show
View Real Time Build Order
Export as new Build Order

Dane Protoss 

Build Orders:  

Get SALT Encoding   

  12  0:02  Probe (Chrono Boost)  
  13  0:17  Pylon  
  13  0:21  Probe (Chrono Boost)  
  14  0:32  Probe (Chrono Boost)  
  15  0:37  Gateway  
  15  0:45  Pylon  
  15  0:49  Probe (Chrono Boost)  
  16  0:59  Probe (Chrono Boost)  
  17  1:29  Cybernetics Core  
  17  1:33  Pylon  
  17  1:36  Assimilator  
  17  1:40  Probe (Chrono Boost)  
  17  1:42  Assimilator  
  18  1:53  Gateway, Probe (Chrono Boost)  
  19  2:02  Pylon  
  19  2:04  Gateway, Probe (Chrono Boost)  
  20  2:14  Probe (Chrono Boost)  
  21  2:31  Assimilator  
  21  2:45  Adept x2  
  25  2:56  Probe (Chrono Boost)  
  26  3:03  Forge  
  26  3:06  Probe (Chrono Boost)  
  26  3:09  Pylon  
  27  3:17  Probe (Chrono Boost)  
  28  3:28  Mothership Core (Chrono Boost)  
  28  3:31  Adept x2  
  34  3:47  Probe (Chrono Boost)  
  34  3:58  Probe (Chrono Boost), Warp Gate  
  34  4:02  Gateway  
  35  4:03  Gateway  
  35  4:07  Robotics Facility  
  35  4:17  Photon Cannon  
  35  4:35  Nexus  
  35  4:39  Adept x2  
  39  4:45  Pylon  
  39  4:54  Pylon  
  39  4:57  Assimilator  
  38  5:03  Assimilator  
  38  5:05  Adept  
  31  5:46  Stalker  
  31  5:47  Stalker x3  
  31  5:48  Stalker  
  40  6:00  Probe (Chrono Boost)  
  37  6:10  Probe (Chrono Boost)  
  37  6:21  Probe (Chrono Boost)  
  38  6:27  Probe (Chrono Boost)  
  38  6:31  Probe (Chrono Boost)  
  40  6:37  Probe (Chrono Boost)  
  41  6:42  Probe (Chrono Boost)  
  41  6:43  Observer  
  43  6:48  Probe (Chrono Boost)  
  43  6:52  Probe (Chrono Boost)  
  45  6:58  Probe (Chrono Boost)  
  46  7:01  Photon Cannon  
  46  7:03  Probe (Chrono Boost)  
  46  7:04  Observer  
  48  7:14  Probe (Chrono Boost)  
  49  7:23  Probe (Chrono Boost)  
  49  7:24  Probe (Chrono Boost)  
  51  7:33  Probe (Chrono Boost)  
  51  7:35  Probe (Chrono Boost)  
  54  7:44  Stalker, Probe (Chrono Boost)  
  54  7:45  Adept  
  54  7:46  Adept  
  54  7:47  Adept  
  45  7:54  Probe (Chrono Boost)  
  40  8:05  Probe (Chrono Boost)  
  35  8:07  Stalker  
  35  8:08  Stalker  
  35  8:09  Stalker  
  41  8:13  Adept  
  41  8:14  Adept  
Show
View Real Time Build Order
Export as new Build Order

popeye Protoss 

Build Orders:  

Get SALT Encoding   

  12  0:02  Probe (Chrono Boost)  
  13  0:13  Probe (Chrono Boost)  
  14  0:20  Pylon  
  14  0:25  Probe (Chrono Boost)  
  15  0:38  Probe (Chrono Boost)  
  16  0:48  Gateway  
  16  0:49  Probe (Chrono Boost)  
  17  0:59  Probe (Chrono Boost)  
  18  1:10  Probe (Chrono Boost)  
  19  1:11  Pylon  
  19  1:20  Probe (Chrono Boost)  
  20  1:31  Probe (Chrono Boost)  
  21  1:41  Probe (Chrono Boost)  
  21  1:45  Cybernetics Core  
  22  1:52  Probe (Chrono Boost)  
  22  1:53  Nexus  
  23  1:57  Assimilator  
  23  2:02  Assimilator, Probe (Chrono Boost)  
  23  2:05  Pylon  
  24  2:42  Pylon  
  24  2:56  Zealot  
  25  3:31  Pylon  
  25  3:34  Probe (Chrono Boost)  
  25  3:39  Mothership Core (Chrono Boost)  
  28  3:44  Stargate  
  28  3:45  Probe (Chrono Boost)  
  28  3:47  Stargate  
  30  3:55  Probe (Chrono Boost)  
  30  3:57  Zealot  
  30  3:59  Assimilator  
  32  4:06  Probe (Chrono Boost)  
  32  4:08  Pylon  
  33  4:13  Assimilator  
  33  4:27  Stargate  
  33  4:39  Probe (Chrono Boost)  
  33  4:44  Void Ray  
  38  4:50  Probe (Chrono Boost)  
  39  4:53  Protoss Air Weapons Level 1  
  39  5:00  Probe (Chrono Boost)  
  39  5:02  Probe (Chrono Boost)  
  41  5:11  Probe (Chrono Boost)  
  41  5:12  Probe (Chrono Boost)  
  42  5:21  Probe (Chrono Boost)  
  42  5:23  Probe (Chrono Boost)  
  44  5:33  Void Ray x2, Probe (Chrono Boost)  
  43  5:48  Void Ray  
  45  6:06  Probe (Chrono Boost)  
  46  6:16  Probe (Chrono Boost)  
  47  6:19  Void Ray x2  
  47  6:24  Probe (Chrono Boost)  
  56  6:27  Probe (Chrono Boost)  
  57  6:34  Probe (Chrono Boost)  
  57  6:36  Pylon  
  57  6:38  Probe (Chrono Boost)  
  57  6:39  Pylon  
  59  6:45  Void Ray, Probe (Chrono Boost)  
  64  6:48  Probe (Chrono Boost)  
  64  6:54  Zealot  
  67  6:55  Probe (Chrono Boost)  
  68  7:03  Void Ray  
  68  7:06  Probe (Chrono Boost)  
  73  7:21  Zealot  
  59  7:47  Void Ray x2  
  53  8:03  Void Ray  
  47  8:42  Pylon  
  47  8:43  Pylon  
  47  8:47  Pylon  
Show
View Real Time Build Order
Export as new Build Order

JohnMcClane Zerg - Winner!

Build Orders: Pool First 

Get SALT Encoding   

  12  0:01  Drone  
  13  0:08  Drone  
  14  0:19  Overlord  
  14  0:22  Extractor  
  14  0:23  Drone  
  15  0:37  Drone  
  15  0:38  Drone  
  17  0:47  Drone  
  18  0:51  Spawning Pool  
  18  0:55  Drone  
  18  0:59  Extractor  
  17  1:17  Hatchery  
  16  1:22  Drone  
  17  1:31  Drone  
  18  1:38  Queen  
  20  1:45  Zergling x4  
  22  1:49  Overlord  
  22  2:12  Drone x2  
  22  2:13  Queen  
  26  2:23  Overlord  
  26  2:37  Overlord  
  26  2:47  Overlord  
  26  3:02  Drone x4  
  30  3:06  Lair, Roach Warren  
  30  3:11  Drone  
  30  3:17  Drone  
  30  3:28  Drone x3  
  33  3:38  Evolution Chamber  
  32  3:51  Extractor  
  30  3:59  Spore Crawler  
  29  4:13  Zerg Missile Weapons Level 1  
  29  4:14  Glial Reconstitution  
  29  4:23  Drone  
  29  4:24  Drone x6  
  36  4:25  Drone x3  
  39  4:42  Roach x5  
  49  4:49  Overlord  
  49  4:56  Roach x4  
  57  5:02  Spore Crawler, Extractor  
  57  5:06  Overseer  
  55  5:09  Roach x4  
  63  5:16  Roach  
  63  5:19  Overlord  
  65  5:30  Roach  
  65  5:35  Spore Crawler  
  66  5:36  Queen x2  
  70  5:46  Overlord  
  70  6:02  Hydralisk Den  
  69  6:12  Overlord x2  
  69  6:21  Overlord  
  69  6:41  Hydralisk x9, Muscular Augments  
  87  6:53  Hydralisk  
  89  7:14  Hydralisk x4  
  97  7:28  Hydralisk x2  
  101  7:31  Overlord x2  
  101  7:32  Drone x4  
  105  7:55  Hydralisk x4  
  111  8:06  Hydralisk  
  111  8:07  Hydralisk  
  115  8:38  Hydralisk x3  
  115  8:39  Hydralisk  
  123  8:49  Hatchery  
Show
View Real Time Build Order
Export as new Build Order

Hindulaatti Protoss - Winner!

Build Orders: Mass Adepts 

Get SALT Encoding   

  12  0:02  Probe (Chrono Boost)  
  13  0:12  Probe (Chrono Boost)  
  14  0:20  Pylon  
  14  0:23  Probe (Chrono Boost)  
  15  0:39  Probe (Chrono Boost)  
  15  0:40  Gateway  
  16  0:49  Probe (Chrono Boost)  
  17  1:00  Probe (Chrono Boost)  
  18  1:10  Probe (Chrono Boost)  
  19  1:14  Pylon  
  19  1:16  Assimilator  
  19  1:22  Probe (Chrono Boost)  
  20  1:32  Cybernetics Core  
  20  1:34  Probe (Chrono Boost)  
  21  1:46  Nexus  
  21  1:49  Probe (Chrono Boost)  
  22  2:01  Gateway  
  22  2:08  Assimilator, Warp Gate (Chrono Boost)  
  22  2:09  Adept  
  22  2:12  Probe (Chrono Boost)  
  25  2:26  Probe (Chrono Boost)  
  26  2:32  Pylon  
  26  2:33  Gateway  
  26  2:37  Pylon  
  28  2:44  Mothership Core (Chrono Boost)  
  28  2:52  Adept  
  28  2:56  Adept  
  28  2:58  Probe  
  32  3:04  Probe  
  34  3:09  Probe  
  35  3:17  Probe  
  35  3:19  Probe  
  36  3:20  Adept  
  36  3:25  Adept  
  41  3:30  Adept  
  41  3:33  Probe  
  41  3:34  Probe  
  45  3:48  Probe (Chrono Boost)  
  45  3:49  Probe (Chrono Boost)  
  49  4:05  Adept x2  
  49  4:09  Probe x2 (Chrono Boost)  
  53  4:11  Robotics Facility  
  53  4:14  Pylon  
  53  4:15  Adept  
  55  4:27  Probe (Chrono Boost)  
  55  4:28  Probe (Chrono Boost)  
  57  4:37  Pylon  
  57  4:41  Adept x3  
  63  4:47  Probe x2 (Chrono Boost)  
  65  4:55  Pylon  
  55  5:31  Probe x2 (Chrono Boost)  
  57  5:38  Gateway  
  57  5:40  Stalker x3  
  57  5:42  Gateway  
  63  5:45  Gateway  
  63  5:46  Probe x2 (Chrono Boost)  
  63  5:47  Pylon  
  65  5:56  Probe (Chrono Boost)  
  64  5:59  Probe (Chrono Boost)  
  63  6:07  Probe (Chrono Boost)  
  62  6:13  Stalker x3  
  62  6:16  Assimilator  
  62  6:18  Assimilator, Probe (Chrono Boost)  
  67  6:31  Immortal (Chrono Boost)  
  71  6:34  Nexus  
  71  6:36  Pylon  
  71  6:37  Adept  
  71  6:38  Stalker x4  
  81  6:47  Stalker  
  83  7:06  Observer (Chrono Boost)  
  84  7:10  Stalker x6  
  96  7:24  Warp Prism (Chrono Boost)  
  88  7:48  Stalker x3  
  88  7:49  Stalker x3  
  100  7:52  Probe x2  
  100  7:54  Probe  
  103  8:07  Twilight Council  
  103  8:13  Pylon  
  103  8:16  Stalker x6  
  115  8:24  Probe  
  115  8:25  Probe  
  117  8:29  Assimilator  
  117  8:30  Probe  
  117  8:31  Assimilator  
  118  8:35  Pylon x2  
  118  8:46  Stalker x3  
Tags
 
Add a new tag
Caveats
  • Supply blocks, unpowered buildings, or Contaminate may cause inaccurate times.
  • Supply counts are checked every 10 seconds.